 Dungeon Crawl Stone Soup version 0.31.0-11-ge490571c62 (webtiles) character file.

Game seed: 13293610188278542728

222 stipulation the Grave Robber (level 5, -2/24 HPs)
             Began as a Vine Stalker Necromancer on Jan 27, 2024.
             Slain by a black bear (3 damage)
             ... on level 4 of the Dungeon.
             The game lasted 00:03:49 (2974 turns).

stipulation the Grave Robber (VSNe)                 Turns: 2974, Time: 00:03:50

Health: -2/24      AC:  9    Str: 11    XL:     5   Next: 99%
Magic:  0/12       EV: 12    Int: 17    God:
Gold:   140        SH:  0    Dex: 14    Spells: 5/13 levels left

rFire   . . .        h - +1 dagger (protect)
rCold   . . .        (no shield)
rNeg    . . .        a - +0 robe
rPois   .            (no helmet)
rElec   .            (no cloak)
rCorr   .            (no gloves)
SInv    .            (no boots)
Will    .....        (no amulet)
Stlth   ++           (no ring)
HPRegen 1.04/turn    (no ring)
MPRegen 0.13/turn

%: guardian spirit
@: under a protective aura
A: fangs 2, regeneration 1, magic shield, antimagic bite, no potion heal 2
a: no special abilities


You were on level 4 of the Dungeon.
You visited 1 branch of the dungeon, and saw 4 of its levels.

You collected 140 gold pieces.

Inventory:

Hand Weapons
 h - a +1 dagger of protection (weapon)
Missiles
 m - 7 poisoned darts
Armour
 a - a +0 robe (worn)
Scrolls
 c - 2 scrolls of teleportation
 d - 2 scrolls of silence
 e - 2 scrolls of summoning {unknown}
 i - a scroll of acquirement {unknown}
 j - a scroll of enchant armour {unknown}
 k - a scroll of torment {unknown}
 o - a scroll of revelation {unknown}
 p - 4 scrolls of identify {unknown}
Potions
 b - a potion of magic
 f - 2 potions of curing {unknown}
 g - 2 potions of heal wounds {unknown}
 l - a potion of invisibility {unknown}
 n - 2 potions of might {unknown}


   Skills:
 - Level 1.5 Dodging
 - Level 2.4 Stealth
 + Level 4.5 Spellcasting
 + Level 5.7 Necromancy


You had 5 spell levels left.
You knew the following spells:

 Your Spells              Type           Power      Damage    Failure   Level
a - Necrotise             Necr           92%        1d8       1%          1
b - Vampiric Draining     Necr           23%        2d7       4%          3
c - Animate Dead          Necr           23%        N/A       14%         4

Your spell library contained the following spells:

 Spells                   Type           Power      Damage    Failure   Level
 Curse of Agony           Necr           23%        N/A       36%         5
 Hailstorm                Conj/Ice       3%         3d5       41%         3
 Summon Ice Beast         Ice/Summ       3%         N/A       41%         3
 Tukima's Dance           Hex            3%         N/A       41%         3
 Passage of Golubria      Tloc           3%         N/A       83%         4
 Yara's Violent Unravell  Hex/Alch       1%         3d3       99%         5
 Sculpt Simulacrum        Ice/Alch       1%         N/A       100%        6


Dungeon Overview and Level Annotations

Branches:
Dungeon (4/15)
 Temple: D:4-7

Altars:
Okawaru
Trog
Yredelemnul


Innate Abilities, Weirdness & Mutations

You have extremely sharp teeth.
Your natural rate of healing is unusually fast.
When hurt, damage is shared between your health and your magic reserves.
Your bite disrupts and absorbs the magic of your enemies.
Potions cannot restore your health.


Message History

Press: ? - help, Shift-Dir - straight line, f/p - black bear
Aim: a black bear (moderately wounded)
You draw life force from the black bear!
You feel life coursing into your body.
The black bear bites you but does no damage.
The black bear claws you but does no damage. x2
Casting: Vampiric Draining (quite dangerous; 4% risk of failure)
Confirm with . or Enter, or press ? or * to list all spells.
Aiming: Vampiric Draining (quite dangerous; 4% risk of failure)
Press: ? - help, Shift-Dir - straight line, f/p - black bear
Aim: a black bear (heavily wounded)
You draw life force from the black bear.
You feel life coursing into your body.
The black bear goes berserk!
The black bear writhes in agony.
The black bear bites you but does no damage.
The black bear closely misses you. x2
You are out of magic!
Casting: Necrotise (safe; 1% risk of failure)
Confirm with . or Enter, or press ? or * to list all spells.
Okay, then.
You completely miss the black bear. Your bite misses the black bear.
The black bear is almost dead.
The black bear bites you but does no damage.
The black bear barely misses you. The black bear closely misses you.
The black bear bites you. The black bear claws you.
The black bear barely misses you.
You hit the black bear.
Your weapon exudes an aura of protection.
The black bear is almost dead.
The black bear barely misses you.
The black bear claws you but does no damage.
The black bear misses you.
You hit the black bear.
The black bear is almost dead.
The black bear bites you!
The black bear claws you but does no damage.
The black bear misses you. The black bear bites you!
* * * LOW HITPOINT WARNING * * *
The black bear claws you.
You die...

.###.....# ..#......#
....# 8.#......# #...
..#......# #...
.##......# #..#
.........######..####+#.
............ ...........
.###'#+#+## #h#.......
.#........#####.@.......
.+...........##.#.......
##...≈≈≈≈≈≈≈....#.......
##..≈≈≈≈≈≈....###.......
##..≈≈_....8..# .......
##..≈≈≈≈≈≈...## .......
##...≈≈≈≈≈≈≈.# .......
##...........# #######
##.##....#####


You could see a black bear (berserk).

Vanquished Creatures
  A sleepcap (D:3)
  An iguana (D:4)
  2 orc wizards
  4 adders
  A dart slug (D:3)
  2 ribbon worms (D:2)
  7 orcs
  4 bats
  5 endoplasms
  3 giant cockroaches
  6 hobgoblins
  2 quokkas (D:1)
  4 ball pythons
  5 frilled lizards
  7 goblins
  5 kobolds
  5 rats
64 creatures vanquished.

Vanquished Creatures (collateral kills)
  An adder (D:3)
  An endoplasm (D:1)
  A ball python (D:3)
  A rat (D:1)
4 creatures vanquished.

Grand Total: 68 creatures vanquished

Notes
Turn   | Place    | Note
-------+----------+-------------------------------------------
     0 | D:1      | stipulation the Vine Stalker Necromancer began the quest
                  | for the Orb.
     0 | D:1      | Reached XP level 1. HP: 9/9 MP: 4/4
   214 | D:1      | Reached XP level 2. HP: 9/13 MP: 2/6
   703 | D:1      | Reached XP level 3. HP: 16/16 MP: 5/8
  1176 | D:2      | Reached XP level 4. HP: 16/21 MP: 1/10
  1393 | D:2      | Reached skill level 5 in Necromancy
  1727 | D:2      | Learned a level 3 spell: Vampiric Draining
  1732 | D:2      | Learned a level 4 spell: Animate Dead
  2006 | D:3      | Reached XP level 5. HP: 21/24 MP: 2/11
  2129 | D:3      | Found an iron altar of Okawaru.
  2641 | D:3      | Found a basalt altar of Yredelemnul.
  2917 | D:4      | Found a bloodstained altar of Trog.
  2958 | D:4      | Noticed a black bear
  2974 | D:4      | HP: 1/24 [black bear (10)]
  2974 | D:4      | Slain by a black bear

Illustrated notes

Levels and vault maps discovered:
D:1:      shiori_arrival_whats_in_store_for_you, layout_basic, minivault_25
D:2:      layout_rooms
D:3:      layout_loops_ring, mainiacjoe_overflow_brackets, lemuel_round_altar,
          minmay_misc_feat_secret_circle
D:4:      layout_basic, mainiacjoe_overflow_catwalk,
          amethyst_overflow_temple_binary, minmay_temple_entry_antechambers,
          nicolae_tricolors, uniq_robin

Skill      XL: |  1  2  3  4  5 |
---------------+----------------+-----
Spellcasting   | 3 4 |  4.5
Necromancy     | 5 |  5.7
Dodging        | |  1.5
Stealth        | |  2.4

Action                     |  1- 3 |  4- 6 || total
---------------------------+-------+-------++-------
  Melee: Dagger            |    30 |    11 ||    41
         Bite              |    11 |     3 ||    14
         Unarmed           |     2 |       ||     2
   Cast: Necrotise         |    55 |    69 ||   124
         Vampiric Draining |       |     3 ||     3
    Use: Scroll            |       |     2 ||     2
   Stab: Sleeping          |     3 |       ||     3
 Armour: Robe              |    20 |    38 ||    58
  Dodge: Dodged            |    21 |    37 ||    58
